[Event "RUS-ch Boys U21 2021"]
[Site "Loo"]
[Date "2021.04.21"]
[Round "1.3"]
[White "Golikov, Daniil"]
[Black "Murzin, Volodar"]
[Result "0-1"]
[ECO "E73"]
[WhiteElo "2250"]
[BlackElo "2478"]
[Annotator "ChessBase"]
[PlyCount "70"]
[EventDate "2021.04.21"]
[EventType "swiss"]
[EventCountry "RUS"]
[SourceTitle "playchess.com"]
[Source "ChessBase"]
[SourceQuality "1"]
[TimeControl "40/5400+30:1800+30"]

1. d4 Nf6 2. c4 g6 3. Nc3 d6 4. e4 Bg7 5. Be2 O-O 6. Bg5 h6 7. Be3 e5 8. d5 Na6 9. Qd2 Nc5 10. f3 a5 11. O-O-O h5 12. h4 a4 13. Nh3 Bd7 14. Kb1 c6 15. dxc6 bxc6 16. Qxd6 Ne6 17. f4 Qa5 18. fxe5 Rfb8 19. Bd2 Bf8 20. Nd5 Nxe4 21. Nf6+ Nxf6 22. Qxb8 Qa6 23. c5 Qxe2 24. Qxa8 Nd4 25. Rc1 Qxd2 26. exf6 Bf5+ 27. Ka1 Nc2+ 28. Rxc2 Bxc2 29. a3 Bd1 30. Kb1 Bc2+ 31. Ka1 Qxg2 32. Rc1 Qd2 33. Rh1 Bd1 34. Kb1 Qc2+ 35. Ka2 Qc4+ 0-1

[Event "RUS-ch Boys U21 2021"]
[Site "Loo"]
[Date "2021.04.21"]
[Round "1.5"]
[White "Makovich, Andrey"]
[Black "Shubin, Kirill"]
[Result "1/2-1/2"]
[ECO "A40"]
[WhiteElo "2171"]
[BlackElo "2466"]
[Annotator "ChessBase"]
[PlyCount "83"]
[EventDate "2021.04.21"]
[EventType "swiss"]
[EventCountry "RUS"]
[SourceTitle "playchess.com"]
[Source "ChessBase"]
[SourceQuality "1"]
[TimeControl "40/5400+30:1800+30"]

1. d4 e6 2. Nf3 Nf6 3. Bf4 b6 4. e3 Bb7 5. Nbd2 d6 6. h3 Nbd7 7. Be2 h6 8. Bh2 g5 9. c4 Rg8 10. Qb3 Bg7 11. O-O-O Qe7 12. Qa3 a5 13. Kb1 a4 14. Rc1 c5 15. Bd3 Bh8 16. Bc2 Kf8 17. e4 Nh5 18. d5 Nf4 19. h4 Qf6 20. hxg5 hxg5 21. Rce1 g4 22. e5 dxe5 23. Ne4 Qe7 24. Bxf4 exf4 25. Nfg5 Bd4 26. Nxf7 Kxf7 27. Rh7+ Rg7 28. dxe6+ Kg8 29. Rxg7+ Qxg7 30. exd7 Qxd7 31. Qd3 Qe7 32. Qd1 a3 33. Qxg4+ Bg7 34. Re2 f3 35. gxf3 Qe5 36. Nc3 Qf6 37. Qe6+ Qxe6 38. Rxe6 Bxf3 39. Bg6 Bd4 40. Re8+ Rxe8 41. Bxe8 Bxc3 42. bxc3 1/2-1/2

[Event "RUS-ch Boys U21 2021"]
[Site "Loo"]
[Date "2021.04.21"]
[Round "1.7"]
[White "Sidorov, Dmitry I"]
[Black "Dudin, Gleb"]
[Result "0-1"]
[ECO "A21"]
[WhiteElo "2139"]
[BlackElo "2418"]
[Annotator "ChessBase"]
[PlyCount "76"]
[EventDate "2021.04.21"]
[EventType "swiss"]
[EventCountry "RUS"]
[SourceTitle "playchess.com"]
[Source "ChessBase"]
[SourceQuality "1"]
[TimeControl "40/5400+30:1800+30"]

1. c4 e5 2. Nc3 Bb4 3. g3 Bxc3 4. bxc3 Nc6 5. Bg2 d6 6. d3 f5 7. Nh3 Nf6 8. O-O O-O 9. Rb1 Qe8 10. c5 dxc5 11. Rxb7 Bxb7 12. Qb3+ Kh8 13. Qxb7 e4 14. Ba3 Qd7 15. Bxc5 Rfb8 16. Qa6 Rb2 17. dxe4 Nxe4 18. Be3 Re8 19. Nf4 Ne5 20. Bd4 Qc6 21. Qa5 Rb5 22. Qa4 Rb1 23. Qa5 Rb5 24. Qa4 Rb6 25. Qc2 Rbb8 26. f3 Nd6 27. Bxa7 Ra8 28. Bd4 Qc4 29. Ra1 Nc6 30. Bf2 Ra3 31. e4 Rxc3 32. Qd1 fxe4 33. fxe4 Nxe4 34. Be1 Qc5+ 35. Kh1 Re3 36. Rc1 Rxe1+ 37. Qxe1 Nf2+ 38. Qxf2 Qxf2 0-1

[Event "RUS-ch Boys U21 2021"]
[Site "Loo"]
[Date "2021.04.21"]
[Round "1.8"]
[White "Obgolts, Erik"]
[Black "Kyshtymov, Daniil"]
[Result "1-0"]
[ECO "E62"]
[WhiteElo "2414"]
[BlackElo "2137"]
[Annotator "ChessBase"]
[PlyCount "109"]
[EventDate "2021.04.21"]
[EventType "swiss"]
[EventCountry "RUS"]
[SourceTitle "playchess.com"]
[Source "ChessBase"]
[SourceQuality "1"]
[TimeControl "40/5400+30:1800+30"]

1. d4 Nf6 2. Nf3 g6 3. g3 Bg7 4. Bg2 O-O 5. O-O d6 6. c4 Nc6 7. Nc3 Bg4 8. d5 Na5 9. Qd3 c5 10. h3 Bd7 11. e4 e5 12. dxe6 Bxe6 13. b3 a6 14. Ng5 Bd7 15. Be3 Bc6 16. Rad1 h6 17. Nf3 Re8 18. Nd2 Rb8 19. a3 b5 20. b4 Nxc4 21. Nxc4 bxc4 22. Qxc4 Bb5 23. Nxb5 axb5 24. Qd3 Qe7 25. bxc5 dxc5 26. e5 Nh7 27. Bc6 Red8 28. Qc2 c4 29. Rxd8+ Qxd8 30. e6 Qf6 31. exf7+ Qxf7 32. Be4 Nf8 33. Rd1 Qf6 34. a4 bxa4 35. Qxc4+ Kh7 36. Qxa4 Rd8 37. Rb1 Qe6 38. h4 Qg4 39. Qc2 Re8 40. Rb4 Kh8 41. Rc4 Rd8 42. Kg2 Qe6 43. Bf3 Qf6 44. Rg4 Qe6 45. Re4 Qf6 46. Qc4 Qd6 47. Qc1 Kh7 48. Rc4 Nd7 49. Rc6 Qf8 50. Rc7 Ne5 51. Be4 h5 52. Qc2 Qd6 53. Bf4 Re8 54. Rc6 Qf8 55. Bxe5 1-0

[Event "RUS-ch Boys U21 2021"]
[Site "Loo"]
[Date "2021.04.21"]
[Round "1.9"]
[White "Babanin, Gleb"]
[Black "Tsvetkov, Andrey"]
[Result "0-1"]
[ECO "D02"]
[WhiteElo "2123"]
[BlackElo "2404"]
[Annotator "ChessBase"]
[PlyCount "124"]
[EventDate "2021.04.21"]
[EventType "swiss"]
[EventCountry "RUS"]
[SourceTitle "playchess.com"]
[Source "ChessBase"]
[SourceQuality "1"]
[TimeControl "40/5400+30:1800+30"]

1. d4 d5 2. Nf3 Nf6 3. Bf4 c5 4. e3 Nc6 5. Nbd2 Qb6 6. dxc5 Qxb2 7. Rb1 Qc3 8. Bb5 e6 9. O-O Be7 10. Nd4 Bd7 11. N2b3 Ne4 12. Bd3 a6 13. a3 Rd8 14. Bc7 Rc8 15. Bb6 Bf6 16. Nxc6 Rxc6 17. f3 Rxb6 18. cxb6 Nd6 19. Qe1 Qc8 20. e4 dxe4 21. fxe4 Be5 22. Nd2 O-O 23. Nf3 Bc3 24. Qg3 e5 25. Kh1 f6 26. Qf2 Be6 27. Rbd1 Rd8 28. h3 Qc6 29. Qe3 Ba5 30. Rb1 Qc3 31. Nh4 Rd7 32. Qe2 Qxa3 33. Nf5 Qc5 34. Nxd6 Rxd6 35. Bxa6 Bxb6 36. Bd3 Qc7 37. Rb5 Bd4 38. Rfb1 b6 39. R5b4 Kh8 40. Bc4 Bd7 41. Bd5 g6 42. R4b3 Kg7 43. Ra3 f5 44. c4 f4 45. Ra8 Rf6 46. Rb3 Kh6 47. Rf3 Qd6 48. Kh2 g5 49. Rg8 Rf8 50. Rxf8 Qxf8 51. Rb3 g4 52. Rd3 Kg6 53. Rxd4 g3+ 54. Kg1 exd4 55. e5 Bf5 56. Be4 Bxe4 57. Qxe4+ Qf5 58. Qc6+ Kg5 59. Qxb6 Qxe5 60. Qb5 Qxb5 61. cxb5 d3 62. Kf1 f3 0-1

[Event "RUS-ch Boys U21 2021"]
[Site "Loo"]
[Date "2021.04.21"]
[Round "1.10"]
[White "Stukan, Martin"]
[Black "Marchuk, Rostislav"]
[Result "1-0"]
[ECO "C41"]
[WhiteElo "2390"]
[BlackElo "2080"]
[Annotator "NA"]
[PlyCount "93"]
[EventDate "2021.04.21"]
[EventType "swiss"]
[EventCountry "RUS"]
[SourceTitle "playchess.com"]
[Source "ChessBase"]
[SourceQuality "1"]
[TimeControl "40/5400+30:1800+30"]

1. e4 d6 2. d4 Nf6 3. Nc3 e5 4. Nf3 Nbd7 5. Bc4 Be7 6. O-O O-O 7. a4 c6 8. Ba2 a5 9. Qe2 Qc7 10. Rd1 Nb6 11. h3 Nfd7 12. Bg5 Re8 13. Bxe7 Rxe7 14. Qd3 Nf8 15. d5 c5 16. Nd2 Ng6 17. Bc4 f5 18. Qe3 Rf7 19. Bb5 Qe7 20. Kh2 f4 21. Qd3 f3 22. g3 Bxh3 23. Kxh3 Raf8 24. Kh2 Qg5 25. Rh1 Rf4 26. Kg1 Rg4 27. Nf1 h5 28. Rh2 h4 29. Kh1 Rf6 30. Be8 Nf4 31. Qxf3 hxg3 32. fxg3 Nh5 33. Rxh5 Rxf3 34. Rxg5 Rxg5 35. Kg2 Rf4 36. Ne3 Kf8 37. Bb5 g6 38. Rf1 Kf7 39. Rf3 Rxf3 40. Kxf3 Rh5 41. Kg2 Ke7 42. b3 Rh8 43. Nb1 Kd8 44. Be2 Rh7 45. Na3 Rf7 46. Nac4 Nxc4 47. Nxc4 1-0

[Event "RUS-ch Boys U21 2021"]
[Site "Loo"]
[Date "2021.04.21"]
[Round "1.11"]
[White "Marchenko, Nikolay"]
[Black "Pavlov, Danila"]
[Result "1-0"]
[ECO "A45"]
[WhiteElo "2062"]
[BlackElo "2360"]
[Annotator "NA"]
[PlyCount "65"]
[EventDate "2021.04.21"]
[EventType "swiss"]
[EventCountry "RUS"]
[SourceTitle "playchess.com"]
[Source "ChessBase"]
[SourceQuality "1"]
[TimeControl "40/5400+30:1800+30"]

1. d4 Nf6 2. Bf4 g6 3. Nc3 Bg7 4. e4 d6 5. Qd2 c6 6. Bh6 O-O 7. Bxg7 Kxg7 8. f4 b5 9. e5 dxe5 10. fxe5 Nd5 11. Nf3 Nxc3 12. bxc3 Be6 13. Bd3 Bd5 14. h4 h5 15. O-O Na6 16. Ng5 Qd7 17. Rae1 Nc7 18. Re3 f6 19. exf6+ exf6 20. Nh3 f5 21. Rg3 Ne6 22. Rxf5 Qe8 23. Rxh5 Kf6 24. Bxg6 Qb8 25. Re5 Ke7 26. Ng5 Kd7 27. Nxe6 Bxe6 28. Be4 Qd6 29. Rg7+ Rf7 30. Rxf7+ Bxf7 31. Qf4 Bxa2 32. Bf5+ Kd8 33. Re8+ 1-0

[Event "RUS-ch Boys U21 2021"]
[Site "Loo"]
[Date "2021.04.21"]
[Round "1.12"]
[White "Makoveev, Ilya"]
[Black "Koliev, Irlan"]
[Result "1-0"]
[ECO "E68"]
[WhiteElo "2315"]
[BlackElo "2023"]
[Annotator "NA"]
[PlyCount "75"]
[EventDate "2021.04.21"]
[EventType "swiss"]
[EventCountry "RUS"]
[SourceTitle "playchess.com"]
[Source "ChessBase"]
[SourceQuality "1"]
[TimeControl "40/5400+30:1800+30"]

1. d4 Nf6 2. c4 g6 3. g3 Bg7 4. Bg2 O-O 5. Nc3 d6 6. Nf3 Nbd7 7. O-O e5 8. e4 exd4 9. Nxd4 Nc5 10. h3 Re8 11. Re1 a5 12. Qc2 Bd7 13. Be3 a4 14. Rad1 Qc8 15. g4 h5 16. f3 a3 17. b3 Ne6 18. Nce2 Nh7 19. gxh5 Nxd4 20. Bxd4 Bxd4+ 21. Rxd4 Bxh3 22. hxg6 fxg6 23. Nf4 Bxg2 24. Qxg2 g5 25. Rd5 Re5 26. Kf2 Qd8 27. Rh1 Qf6 28. Qh3 Re7 29. Ne2 Rg7 30. Rf5 Qb2 31. Qh6 Re8 32. Ke3 Qxa2 33. Nd4 Qb2 34. Ne6 Qxb3+ 35. Kf2 Qb2+ 36. Kg3 Rge7 37. Qg6+ Kh8 38. Rxh7+ 1-0

[Event "RUS-ch Boys U21 2021"]
[Site "Loo"]
[Date "2021.04.22"]
[Round "2.8"]
[White "Zhafyarov, Adel"]
[Black "Vetokhin, Savva"]
[Result "1/2-1/2"]
[ECO "A45"]
[WhiteElo "2252"]
[BlackElo "2261"]
[Annotator "ChessBase"]
[PlyCount "142"]
[EventDate "2021.04.21"]
[EventType "swiss"]
[EventCountry "RUS"]
[SourceTitle "playchess.com"]
[Source "ChessBase"]
[SourceQuality "1"]
[TimeControl "40/5400+30:1800+30"]

1. d4 Nf6 2. Bf4 e6 3. e3 c5 4. c3 cxd4 5. exd4 b6 6. Nd2 Be7 7. Bd3 Bb7 8. Ngf3 O-O 9. h3 d6 10. O-O Ba6 11. Bxa6 Nxa6 12. a4 Nc7 13. Qe2 a6 14. Nc4 Nfd5 15. Bd2 b5 16. Na5 Qd7 17. b3 Rfb8 18. c4 bxc4 19. Qxc4 Rc8 20. Rfc1 Ne8 21. Qd3 Ra7 22. Rxc8 Qxc8 23. Rc1 Rc7 24. Rxc7 Nexc7 25. Qc4 f5 26. Nc6 Kf8 27. Ba5 Qb7 28. Ne1 Ke8 29. Nd3 Bf6 30. Ncb4 Kd7 31. Bxc7 Nxc7 32. Nf4 a5 33. Nc2 g6 34. Ne2 d5 35. Qc3 Qc6 36. Qd2 Qb6 37. Nc1 Na6 38. Qh6 Qc6 39. Na3 Ke8 40. Ne2 Qd7 41. Nb5 Nb4 42. Qe3 Qc6 43. Qf4 Qc2 44. Qb8+ Kf7 45. Nf4 Qc6 46. g3 Qd7 47. h4 Nc6 48. Qb6 Bd8 49. Qc5 Be7 50. Qc3 Bd6 51. Nd3 Ke7 52. Qd2 Kf8 53. h5 Kg7 54. hxg6 hxg6 55. Qe3 Qe7 56. Nf4 Bxf4 57. Qxf4 Qd7 58. Qe3 Qe7 59. Qc3 Qd7 60. Qc5 g5 61. Nc3 Kf7 62. Nd1 Qb7 63. Ne3 Ne7 64. Qxa5 Qxb3 65. Nf1 f4 66. Qa7 Kf6 67. a5 Nc6 68. Qc5 Qa4 69. Qf8+ Kg6 70. gxf4 gxf4 71. Qxf4 Qxa5 1/2-1/2

[Event "RUS-ch Boys U21 2021"]
[Site "Loo"]
[Date "2021.04.22"]
[Round "2.10"]
[White "Kyshtymov, Daniil"]
[Black "Golikov, Daniil"]
[Result "0-1"]
[ECO "C07"]
[WhiteElo "2137"]
[BlackElo "2250"]
[Annotator "ChessBase"]
[PlyCount "82"]
[EventDate "2021.04.21"]
[EventType "swiss"]
[EventCountry "RUS"]
[SourceTitle "playchess.com"]
[Source "ChessBase"]
[SourceQuality "1"]
[TimeControl "40/5400+30:1800+30"]

1. e4 e6 2. d4 d5 3. Nd2 c5 4. exd5 Qxd5 5. dxc5 Bxc5 6. Ngf3 Nf6 7. Bc4 Qc6 8. Qe2 a6 9. Nb3 Nbd7 10. Bg5 b5 11. Bd3 O-O 12. O-O-O Bd6 13. Kb1 h6 14. h4 e5 15. Bf5 Re8 16. g4 Bc7 17. Be3 Nf8 18. Bxc8 Raxc8 19. g5 Ng4 20. gxh6 Nxh6 21. Rhg1 Bb6 22. Bc1 Nf5 23. h5 a5 24. Rg5 e4 25. Ne1 Nd6 26. Nd4 Bxd4 27. Rxd4 Ne6 28. Rdd5 Nxg5 29. Rxg5 Re6 30. Qg4 Ne8 31. Be3 Rd8 32. Ng2 Nf6 33. Rxg7+ Kf8 34. Qg5 Rd5 35. Qg3 Rxh5 36. Nf4 Rh1+ 37. Bc1 Rd6 38. Ng6+ fxg6 39. Qxg6 Qd5 40. b3 Ne8 41. Qg2 Rxc1+ 0-1

[Event "RUS-ch Boys U21 2021"]
[Site "Loo"]
[Date "2021.04.22"]
[Round "2.11"]
[White "Akhtariev, Andrey"]
[Black "Babanin, Gleb"]
[Result "1-0"]
[ECO "B20"]
[WhiteElo "2190"]
[BlackElo "2123"]
[Annotator "ChessBase"]
[PlyCount "85"]
[EventDate "2021.04.21"]
[EventType "swiss"]
[EventCountry "RUS"]
[SourceTitle "playchess.com"]
[Source "ChessBase"]
[SourceQuality "1"]
[TimeControl "40/5400+30:1800+30"]

1. e4 c5 2. c4 Nc6 3. Nc3 d6 4. g3 g6 5. Bg2 Bg7 6. Nge2 Nf6 7. O-O O-O 8. h3 Rb8 9. f4 Nd7 10. d3 Nd4 11. Rb1 b5 12. Kh2 Nxe2 13. Nxe2 bxc4 14. dxc4 Qa5 15. a3 Qb6 16. b3 Bb7 17. Qc2 Bc6 18. Be3 Qa6 19. a4 Rb6 20. Bd2 Qb7 21. a5 Ra6 22. g4 e6 23. Ng3 d5 24. b4 dxc4 25. b5 Bxb5 26. e5 Rc6 27. Ne4 c3 28. Bxc3 Qa6 29. Rfd1 Rc7 30. Rd6 Bc6 31. Nf6+ Bxf6 32. exf6 Qc8 33. Bf1 Ba8 34. Qd2 Kh8 35. Ba6 Qe8 36. Bb5 Qb8 37. Rb2 Qb7 38. Bxd7 Qh1+ 39. Kg3 h5 40. f5 Kh7 41. Qe3 Rg8 42. fxe6 g5 43. exf7 1-0

[Event "RUS-ch Boys U21 2021"]
[Site "Loo"]
[Date "2021.04.22"]
[Round "2.12"]
[White "Shemyakin, Valeriy"]
[Black "Marchuk, Rostislav"]
[Result "1/2-1/2"]
[ECO "A06"]
[WhiteElo "2168"]
[BlackElo "2080"]
[Annotator "ChessBase"]
[PlyCount "67"]
[EventDate "2021.04.21"]
[EventType "swiss"]
[EventCountry "RUS"]
[SourceTitle "playchess.com"]
[Source "ChessBase"]
[SourceQuality "1"]
[TimeControl "40/5400+30:1800+30"]

1. Nf3 d5 2. g3 Nf6 3. Bg2 e6 4. O-O c5 5. d4 cxd4 6. Nxd4 e5 7. Nb3 Be6 8. c4 Nc6 9. cxd5 Bxd5 10. Nc3 Bxg2 11. Kxg2 Bb4 12. Bd2 h5 13. a3 Bxc3 14. Bxc3 Nd5 15. Rc1 h4 16. e4 hxg3 17. hxg3 Nf6 18. Qf3 Qd7 19. Rh1 Rxh1 20. Rxh1 O-O-O 21. Nc5 Qd6 22. b4 Kb8 23. Qe3 Ka8 24. b5 Nd4 25. Bb4 Nc2 26. Qb3 Nxb4 27. axb4 b6 28. Na6 Qd7 29. Rc1 Rh8 30. Qc4 Qh3+ 31. Kf3 Qh5+ 32. Kg2 Qh3+ 33. Kf3 Qh5+ 34. Kg2 1/2-1/2

[Event "RUS-ch Boys U21 2021"]
[Site "Loo"]
[Date "2021.04.23"]
[Round "3.1"]
[White "Tsvetkov, Andrey"]
[Black "Murzin, Volodar"]
[Result "1-0"]
[ECO "E92"]
[WhiteElo "2404"]
[BlackElo "2478"]
[Annotator "ChessBase"]
[PlyCount "101"]
[EventDate "2021.04.21"]
[EventType "swiss"]
[EventCountry "RUS"]
[SourceTitle "playchess.com"]
[Source "ChessBase"]
[SourceQuality "1"]
[TimeControl "40/5400+30:1800+30"]

1. d4 Nf6 2. c4 g6 3. Nc3 Bg7 4. e4 d6 5. Nf3 O-O 6. Be2 e5 7. Be3 Na6 8. O-O Ng4 9. Bg5 Qe8 10. Rc1 exd4 11. Nxd4 Nxh2 12. Re1 Ng4 13. Bxg4 Bxg4 14. Qxg4 Bxd4 15. e5 Bxe5 16. Nd5 Qe6 17. Bf6 h6 18. Qh4 Kh7 19. Rc3 Qf5 20. Bxe5 g5 21. Qh2 dxe5 22. Rf3 Qg6 23. Nf6+ Kh8 24. Qxe5 Qg7 25. Rh3 Qg6 26. Nd7+ f6 27. Nxf8 Rxf8 28. Qe7 Qg7 29. g4 Nb8 30. Qxg7+ Kxg7 31. Re7+ Rf7 32. Rxf7+ Kxf7 33. Rxh6 Nd7 34. Rh7+ Ke6 35. f3 Kd6 36. Kf2 a5 37. Ke3 b6 38. Ke4 Ke6 39. Rh8 Nc5+ 40. Kd4 Kd6 41. Rh7 Nd7 42. b3 Nc5 43. Rf7 Nd7 44. a3 Ke6 45. Rh7 Kd6 46. Ke4 Ke6 47. b4 axb4 48. axb4 c6 49. Rh8 Kd6 50. Re8 Ne5 51. Rxe5 1-0

[Event "RUS-ch Boys U21 2021"]
[Site "Loo"]
[Date "2021.04.23"]
[Round "3.2"]
[White "Obgolts, Erik"]
[Black "Makoveev, Ilya"]
[Result "1-0"]
[ECO "B56"]
[WhiteElo "2414"]
[BlackElo "2315"]
[Annotator "NA"]
[PlyCount "75"]
[EventDate "2021.04.21"]
[EventType "swiss"]
[EventCountry "RUS"]
[SourceTitle "playchess.com"]
[Source "ChessBase"]
[SourceQuality "1"]
[TimeControl "40/5400+30:1800+30"]

1. e4 c5 2. Nf3 d6 3. d4 cxd4 4. Nxd4 Nf6 5. Nc3 Bd7 6. Bg5 e6 7. Qd3 Be7 8. Ndb5 O-O 9. Nxd6 Qa5 10. Bd2 Qc5 11. Ndb5 Nc6 12. Be3 Qb4 13. a3 Qa5 14. O-O-O Rfd8 15. Qc4 a6 16. Nd4 Ne5 17. Qb3 Rac8 18. f3 b5 19. Na2 Nc4 20. Bxc4 Rxc4 21. Kb1 Rdc8 22. Qd3 e5 23. Bd2 Qc7 24. Nb3 Be6 25. Ba5 Qa7 26. Nb4 Nd7 27. Nd5 Bf8 28. c3 h6 29. Bb4 Nc5 30. Qe3 f5 31. Na5 fxe4 32. Nxc4 bxc4 33. Bxc5 Rxc5 34. fxe4 Qb8 35. a4 Qb3 36. Rhf1 Ra5 37. Qb6 Qxa4 38. Qxe6+ 1-0

[Event "RUS-ch Boys U21 2021"]
[Site "Loo"]
[Date "2021.04.23"]
[Round "3.3"]
[White "Marchenko, Nikolay"]
[Black "Lobanov, Sergei"]
[Result "0-1"]
[ECO "A45"]
[WhiteElo "2062"]
[BlackElo "2520"]
[Annotator "ChessBase"]
[PlyCount "101"]
[EventDate "2021.04.21"]
[EventType "swiss"]
[EventCountry "RUS"]
[SourceTitle "playchess.com"]
[Source "ChessBase"]
[SourceQuality "1"]
[TimeControl "40/5400+30:1800+30"]

1. d4 Nf6 2. Bf4 d5 3. e3 c5 4. Nc3 cxd4 5. exd4 Bg4 6. Nf3 Nc6 7. Be2 e6 8. Ne5 Bxe2 9. Nxe2 Nxe5 10. dxe5 Nd7 11. O-O Bc5 12. c3 O-O 13. Nd4 Qb6 14. Rb1 Rac8 15. Nc2 Qa6 16. a3 Bb6 17. Qg4 Qd3 18. Nb4 Qg6 19. Qxg6 hxg6 20. Rfe1 Rc4 21. Be3 Bxe3 22. Rxe3 a5 23. Nc2 b5 24. Kf1 Rfc8 25. f3 Kf8 26. g3 g5 27. Ke2 Ke7 28. Kd2 Rh8 29. Re2 Rb8 30. Re3 Rcc8 31. Re2 Nc5 32. Rf1 Nb3+ 33. Kd3 Rh8 34. Rg2 f6 35. Re1 Kd7 36. Rf2 Rh3 37. exf6 gxf6 38. Nd4 Nc5+ 39. Ke3 e5 40. Nc2 f5 41. Rd1 Ke6 42. Rg2 Rbh8 43. Rdd2 Rxh2 44. Rxh2 f4+ 45. gxf4 gxf4+ 46. Kf2 Rxh2+ 47. Ke1 Nd3+ 48. Rxd3 Rxc2 49. Rd2 Rxd2 50. Kxd2 a4 51. Kd1 0-1

[Event "RUS-ch Boys U21 2021"]
[Site "Loo"]
[Date "2021.04.23"]
[Round "3.4"]
[White "Nesterov, Arseniy"]
[Black "Dudin, Gleb"]
[Result "0-1"]
[ECO "B13"]
[WhiteElo "2482"]
[BlackElo "2418"]
[Annotator "ChessBase"]
[PlyCount "104"]
[EventDate "2021.04.21"]
[EventType "swiss"]
[EventCountry "RUS"]
[SourceTitle "playchess.com"]
[Source "ChessBase"]
[SourceQuality "1"]
[TimeControl "40/5400+30:1800+30"]

1. e4 c6 2. d4 d5 3. exd5 cxd5 4. Bd3 Nc6 5. c3 Qc7 6. Ne2 Bg4 7. O-O e6 8. Qe1 Nf6 9. Bg5 Bxe2 10. Qxe2 Bd6 11. h3 h6 12. Bh4 Nd7 13. Qf3 O-O 14. Nd2 a6 15. a4 g6 16. Rfe1 Kg7 17. Nf1 Rae8 18. Re2 e5 19. Qxd5 Nb6 20. Qb3 exd4 21. Rxe8 Rxe8 22. a5 Nd7 23. cxd4 Nxd4 24. Qd5 Be5 25. Ra4 Nc6 26. Re4 Re6 27. b4 Rd6 28. Qc4 f5 29. Re3 Rd4 30. Qe6 Nf8 31. Qe8 Rxh4 32. Bxf5 gxf5 33. Ng3 Qd7 34. Qxd7+ Nxd7 35. Nxf5+ Kf6 36. Nxh4 Nxb4 37. Rf3+ Ke6 38. g4 Nc6 39. Nf5 Nxa5 40. Nxh6 b5 41. Ra3 Bc7 42. g5 b4 43. Re3+ Ne5 44. g6 Kf6 45. Rxe5 Bxe5 46. Ng4+ Kg7 47. Nxe5 b3 48. Nd3 Nc4 49. Kf1 a5 50. Ke1 a4 51. Kd1 a3 52. Nc1 b2 0-1

[Event "RUS-ch Boys U21 2021"]
[Site "Loo"]
[Date "2021.04.23"]
[Round "3.5"]
[White "Makarian, Rudik"]
[Black "Zhafyarov, Adel"]
[Result "1/2-1/2"]
[ECO "D30"]
[WhiteElo "2468"]
[BlackElo "2252"]
[Annotator "ChessBase"]
[PlyCount "86"]
[EventDate "2021.04.21"]
[EventType "swiss"]
[EventCountry "RUS"]
[SourceTitle "playchess.com"]
[Source "ChessBase"]
[SourceQuality "1"]
[TimeControl "40/5400+30:1800+30"]

1. d4 d5 2. c4 e6 3. Nf3 c6 4. b3 Nf6 5. g3 Bb4+ 6. Nbd2 O-O 7. Bg2 Bc3 8. Rb1 e5 9. dxe5 Ne4 10. O-O Bf5 11. Nh4 Nxd2 12. Bxd2 Bxb1 13. Bxc3 Be4 14. Bxe4 dxe4 15. Qc2 Re8 16. Nf5 Qg5 17. Nd6 Re7 18. Qxe4 Nd7 19. f4 Qg4 20. Nxb7 Nxe5 21. Bxe5 f6 22. Nd6 fxe5 23. Qxc6 Rf8 24. Qd5+ Qe6 25. fxe5 Qxd5 26. cxd5 Rxe5 27. e4 Rf6 28. Rxf6 gxf6 29. Kf2 f5 30. Ke3 fxe4 31. Nxe4 Kf8 32. Kd4 Rf5 33. Kc5 Re5 34. Nc3 Re3 35. Na4 Re2 36. a3 Rxh2 37. Nc3 Ke7 38. b4 Rg2 39. Ne4 Rc2+ 40. Kd4 Ra2 41. d6+ Ke6 42. a4 h6 43. a5 Rb2 1/2-1/2

[Event "RUS-ch Boys U21 2021"]
[Site "Loo"]
[Date "2021.04.23"]
[Round "3.6"]
[White "Vetokhin, Savva"]
[Black "Shubin, Kirill"]
[Result "0-1"]
[ECO "B69"]
[WhiteElo "2261"]
[BlackElo "2466"]
[Annotator "ChessBase"]
[PlyCount "82"]
[EventDate "2021.04.21"]
[EventType "swiss"]
[EventCountry "RUS"]
[SourceTitle "playchess.com"]
[Source "ChessBase"]
[SourceQuality "1"]
[TimeControl "40/5400+30:1800+30"]

1. e4 c5 2. Nf3 Nc6 3. d4 cxd4 4. Nxd4 Nf6 5. Nc3 d6 6. Bg5 e6 7. Qd2 a6 8. O-O-O Bd7 9. f4 Be7 10. Nf3 b5 11. Bxf6 gxf6 12. g3 b4 13. Ne2 a5 14. Kb1 a4 15. Ned4 Nxd4 16. Nxd4 Qb6 17. Bc4 O-O 18. f5 e5 19. Nf3 Rfc8 20. Bd5 Bc6 21. Qe2 Qc5 22. Ne1 b3 23. a3 Bxd5 24. Rxd5 Qc4 25. Qd3 Qxd3 26. cxd3 Bf8 27. d4 Rc4 28. Nd3 Rac8 29. g4 exd4 30. g5 fxg5 31. Rg1 f6 32. h4 h6 33. Nf4 R8c5 34. hxg5 hxg5 35. Ne6 Rxd5 36. exd5 d3 37. Rd1 Bh6 38. Rxd3 g4 39. Rd1 Be3 40. Re1 Bf2 41. Rd1 g3 0-1

[Event "RUS-ch Boys U21 2021"]
[Site "Loo"]
[Date "2021.04.23"]
[Round "3.7"]
[White "Pogosyan, Stefan"]
[Black "Akhtariev, Andrey"]
[Result "1-0"]
[ECO "A04"]
[WhiteElo "2444"]
[BlackElo "2190"]
[Annotator "NA"]
[PlyCount "69"]
[EventDate "2021.04.21"]
[EventType "swiss"]
[EventCountry "RUS"]
[SourceTitle "playchess.com"]
[Source "ChessBase"]
[SourceQuality "1"]
[TimeControl "40/5400+30:1800+30"]

1. Nf3 c5 2. g3 Nc6 3. Bg2 g6 4. O-O Bg7 5. c4 e5 6. Nc3 Nge7 7. d3 O-O 8. a3 Rb8 9. Rb1 d6 10. b4 f5 11. Bd2 h6 12. Qa4 a6 13. bxc5 dxc5 14. Nd5 Be6 15. Nxe7+ Qxe7 16. Nh4 Kh7 17. Bxc6 bxc6 18. Qxc6 g5 19. Nf3 e4 20. dxe4 Bxc4 21. Rxb8 Rxb8 22. exf5 Kh8 23. Re1 Bb5 24. Qg6 Qe8 25. Qd6 Rd8 26. Qxc5 g4 27. f6 Bxf6 28. Bc3 Qf7 29. Qf5 Rf8 30. Bxf6+ Qxf6 31. Qxg4 Rd8 32. a4 Bc6 33. Rc1 a5 34. Rc5 Rg8 35. Qd4 1-0

[Event "RUS-ch Boys U21 2021"]
[Site "Loo"]
[Date "2021.04.23"]
[Round "3.8"]
[White "Stukan, Martin"]
[Black "Shpakov, Vladimir"]
[Result "1/2-1/2"]
[ECO "B15"]
[WhiteElo "2390"]
[BlackElo "1871"]
[Annotator "NA"]
[PlyCount "92"]
[EventDate "2021.04.21"]
[EventType "swiss"]
[EventCountry "RUS"]
[SourceTitle "playchess.com"]
[Source "ChessBase"]
[SourceQuality "1"]
[TimeControl "40/5400+30:1800+30"]

1. e4 c6 2. d4 d5 3. Nc3 dxe4 4. Nxe4 Nf6 5. Nxf6+ exf6 6. c3 Bf5 7. Bd3 Bxd3 8. Qxd3 Bd6 9. Nf3 O-O 10. O-O Nd7 11. Be3 Re8 12. Rad1 Qc7 13. c4 Rad8 14. h3 Bf8 15. Qc2 g6 16. c5 Bg7 17. Nd2 f5 18. Nc4 Nf6 19. Nd6 Re6 20. Qb3 Nd5 21. Bg5 Rb8 22. Nb5 Qd7 23. Nc3 Nxc3 24. bxc3 Re4 25. Rfe1 Qe8 26. Kf1 h6 27. f3 hxg5 28. fxe4 fxe4 29. Kg1 Kh7 30. d5 cxd5 31. Rxd5 f5 32. Red1 e3 33. Qc4 e2 34. Re1 Qe3+ 35. Kh2 Be5+ 36. Kh1 Qg3 37. Rxe5 Qxe1+ 38. Kh2 f4 39. Qxe2 Qg3+ 40. Kg1 Rd8 41. Re7+ Kh6 42. Rxb7 Qxc3 43. Rh7+ Kxh7 44. Qe7+ Kh6 45. Qxd8 Qe1+ 46. Kh2 Qg3+ 1/2-1/2

[Event "RUS-ch Boys U21 2021"]
[Site "Loo"]
[Date "2021.04.23"]
[Round "3.9"]
[White "Koliev, Irlan"]
[Black "Pavlov, Danila"]
[Result "0-1"]
[ECO "E99"]
[WhiteElo "2023"]
[BlackElo "2360"]
[Annotator "NA"]
[PlyCount "90"]
[EventDate "2021.04.21"]
[EventType "swiss"]
[EventCountry "RUS"]
[SourceTitle "playchess.com"]
[Source "ChessBase"]
[SourceQuality "1"]
[TimeControl "40/5400+30:1800+30"]

1. d4 Nf6 2. c4 g6 3. Nc3 Bg7 4. e4 d6 5. Be2 O-O 6. Nf3 e5 7. O-O Nc6 8. d5 Ne7 9. Ne1 Nd7 10. f3 f5 11. g4 Nf6 12. Nd3 h5 13. g5 Nh7 14. h4 f4 15. Kf2 c6 16. Qb3 Kh8 17. Bd2 b5 18. Rh1 bxc4 19. Qxc4 Qb6+ 20. Kg2 Ba6 21. Qb4 Qd4 22. Qxd4 exd4 23. Nd1 cxd5 24. N1f2 dxe4 25. Nxe4 Nd5 26. Kf2 Ne3 27. Nxf4 Rxf4 28. Bxa6 Raf8 29. Bxe3 Rxf3+ 30. Kg2 Rxe3 31. Rae1 d5 32. Nc5 Rf4 33. Be2 Nf8 34. Nd3 Rfe4 35. Kf2 Nd7 36. Bf1 Be5 37. Rh3 Rxe1 38. Nxe1 Bf4 39. Nc2 Ne5 40. Bg2 d3 41. Bxe4 dxe4 42. Ne3 Ng4+ 43. Nxg4 hxg4 44. Rh1 e3+ 45. Kf1 Bg3 0-1